 Dungeon Crawl Stone Soup version 0.20.0-8-g6b59dc7 (webtiles) character file.

183 MDvedh the Chopper (level 5, -4/42 HPs)
             Began as a Hill Orc Skald on May 30, 2017.
             Splashed by Ijyb's acid (14 damage)
             ... on level 3 of the Dungeon.
             The game lasted 00:04:50 (2674 turns).

MDvedh the Chopper (Hill Orc Skald)                 Turns: 2674, Time: 00:04:50

Health: -4/42      AC:  7    Str: 15    XL:     5   Next: 62%
Magic:  7/7        EV:  3    Int: 13    God:
Gold:   116        SH:  6    Dex: 10    Spells: 6/7 levels left

rFire    . . .     SeeInvis .   a - +0 hand axe
rCold    . . .     Gourm    .   q - +0 shield
rNeg     . . .     Faith    .   f - +0 chain mail
rPois    .         Spirit   .   (no helmet)
rElec    .         Reflect  .   (no cloak)
rCorr    .         Harm     .   (no gloves)
MR       .....                  (no boots)
Stlth    ..........             (no amulet)
Regen    0.2/turn               j - +3 ring of protection
MPRegen  0.1/turn               (no ring)

@: corroded
A: no striking features
a: no special abilities


You were on level 3 of the Dungeon.
You were not hungry.

You visited 1 branch of the dungeon, and saw 3 of its levels.

You collected 116 gold pieces.

Inventory:

Hand Weapons
 a - a +0 hand axe (weapon)
Missiles
 m - 75 stones (quivered)
Armour
 b - a +0 leather armour
 f - a +0 chain mail (worn)
 q - a +0 shield (worn)
Jewellery
 j - a +3 ring of protection (left hand)
 r - an uncursed ring of ice
Scrolls
 c - a scroll of random uselessness
 e - a scroll of recharging {unknown}
Potions
 d - a potion of ambrosia
 i - a potion of magic
 k - 3 potions of agility
 l - a potion of haste {unknown}
 p - a potion of might {unknown}
Comestibles
 g - 4 meat rations
 n - 2 royal jellies


   Skills:
 - Level 2.4 Fighting
 + Level 7.5 Axes
 - Level 1.1 Armour
 - Level 1.5 Dodging
 - Level 1.5 Spellcasting
 - Level 2.6 Charms


You had 6 spell levels left.
You knew the following spells:

 Your Spells              Type           Power        Failure   Level  Hunger
a - Infusion              Chrm           #...         100%        1    ##.....


Dungeon Overview and Level Annotations

Branches:
Dungeon (3/15)

Altars:
Dithmenos
Uskayaw

Annotations:
D:3 Ijyb


Message History

Ijyb is lightly wounded.
You hit the bat. The bat barely misses you. You block Ijyb's attack.
Ijyb hits you but does no damage.
You hit Ijyb but do no damage.
Ijyb is lightly wounded.
The bat hits you but does no damage. x2; Ijyb hits you but does no damage.
You barely miss the bat.
The bat is moderately wounded.
You hit Ijyb but do no damage. The bat hits you but does no damage. x2
Ijyb zaps a wand.
The bolt of acid hits you! The acid corrodes you!
You are splashed with acid!
The acid burns!
It is a wand of acid (?/15).
You are too injured to fight recklessly!
You are too injured to fight recklessly!
You are too injured to fight recklessly!
You hit Ijyb.
Ijyb is moderately wounded.
You block the bat's attack.
Ijyb zaps a wand.
The bolt of acid hits you!
* * * LOW HITPOINT WARNING * * *
You are splashed with acid!
The acid burns!
You die...

#. .. #.## .## ## #.... .. ....
.. .##. #...# ... .... .#
..##.##...###..#
....#.##..##............ ....>
...................... .. .....
..........##........ #.. .....
......##.###.!..g.# .... .)...
................@b####.... ......
#.##..##.................. .....
#.##..##.###...#........... .....
#.##.###.###...#.................
#.##.##...)............#....#.#.#
#.##.###.###...#...##..#....#.#.#
#.##.###.####..#...##..#.........
.....<.................# #..#.#.#
#...)..................# #..#.#.#


You could see Ijyb and a bat.

Vanquished Creatures
  3 adders
  7 gnolls
  A worm (D:2)
  3 dart slugs
  5 leopard geckos
  3 orcs (D:3)
  3 ball pythons
  A giant cockroach (D:1)
  11 goblins
  7 hobgoblins
  3 jackals (D:2)
  3 kobolds
  2 quokkas (D:3)
  10 bats
  5 frilled lizards
  A quokka zombie (D:3)
  8 rats
76 creatures vanquished.

Notes
Turn   | Place    | Note
-------+----------+-------------------------------------------
     0 | D:1      | MDvedh the Hill Orc Skald began the quest for the Orb.
     0 | D:1      | Reached XP level 1. HP: 18/18 MP: 3/3
    33 | D:1      | Reached skill level 3 in Axes
    43 | D:1      | Reached XP level 2. HP: 3/25 MP: 4/4
   415 | D:1      | Reached skill level 4 in Axes
   647 | D:1      | Reached XP level 3. HP: 30/30 MP: 5/5
   981 | D:2      | Reached skill level 5 in Axes
  1308 | D:2      | Reached XP level 4. HP: 36/37 MP: 6/6
  1327 | D:2      | Found a shadowy altar of Dithmenos.
  1439 | D:2      | Found a hide-covered altar of Uskayaw.
  1712 | D:3      | Reached skill level 6 in Axes
  1983 | D:3      | Reached XP level 5. HP: 35/42 MP: 7/7
  2174 | D:3      | Reached skill level 7 in Axes
  2666 | D:3      | Noticed Ijyb
  2674 | D:3      | Splashed by Ijyb's acid

Skill      XL: |  1  2  3  4  5 |
---------------+----------------+-----
Axes           | 3 4 5 6 7 |  7.5
Fighting       | |  2.4
Armour         | |  1.1
Dodging        | |  1.5
Spellcasting   | |  1.5
Charms         | |  2.6

Action                   |  1- 3 |  4- 6 || total
-------------------------+-------+-------++-------
Melee: Hand axe          |   166 |   151 ||   317
  Use: Scroll            |       |     5 ||     5
       Potion            |       |     2 ||     2
  Eat: Chunk             |     1 |     1 ||     2
       Bread ration      |       |     1 ||     1
Armor: Leather armour    |     4 |       ||     4
       Chain mail        |   110 |    84 ||   194
Dodge: Dodged            |    86 |    33 ||   119
Block: Shield            |       |    27 ||    27
